 Dungeon Crawl Stone Soup version 0.31-a0-818-ge7c7cf74f0 (webtiles) character file.

Game seed: 7700595315608539571

55 dialectric the Changeling (level 3, -6/25 HPs)
             Began as a Vine Stalker Shapeshifter on Sept 22, 2023.
             Shot with an arrow by a centaur (9 damage)
             ... on level 3 of the Dungeon.
             The game lasted 00:01:50 (1380 turns).

dialectric the Changeling (VSSh)                    Turns: 1380, Time: 00:01:51

Health: -6/25      AC: 21    Str: 18    XL:     3   Next: 93%
Magic:  0/4        EV:  2    Int: 10    God:
Gold:   94         SH:  0    Dex: 13    Spells: 2/2 levels left

rFire   . .          .
                       - Unarmed
rCold   . . .        (no shield)
rNeg    . . .        a - melded +0 animal skin
rPois   +            (helmet currently unavailable)
rElec   .            (cloak currently unavailable)
rCorr   .            (gloves currently unavailable)
SInv    .            (boots currently unavailable)
Will    .....        (no amulet)
Stlth   +            (no ring)
HPRegen 1.04/turn    (no ring)
MPRegen 0.09/turn

%: guardian spirit
@: mighty, tree-form
A: stationary, stasis, torment immunity, boosted hp, (fangs 2), regeneration 1,
magic shield, (antimagic bite), no potion heal 2
a: no special abilities


You were on level 3 of the Dungeon.
You were a tree.
You visited 1 branch of the dungeon, and saw 3 of its levels.

You collected 94 gold pieces.

Inventory:

Armour
 a - a +0 animal skin (melded)
Jewellery
 l - a ring of willpower
Talismans
 c - a beast talisman
 d - a flux talisman
Scrolls
 g - 2 scrolls of blinking {unknown}
 i - a scroll of summoning {unknown}
 j - a scroll of identify {unknown}
 k - a scroll of fear {unknown}
Potions
 e - a potion of heal wounds {unknown}
 f - a potion of might
 h - a potion of invisibility {unknown}


   Skills:
 + Level 0.8 Fighting
 + Level 1.6 Dodging
 + Level 0.1 Stealth
 - Level 3.0 Unarmed Combat
 + Level 4.4 Shapeshifting


You had 2 spell levels left.
You didn't know any spells.
Your spell library contained the following spells:

 Spells                   Type           Power      Damage    Failure   Level
 Lesser Beckoning         Tloc           0%         N/A       50%         2
 Gell's Gravitas          Tloc           0%         N/A       75%         3
 Teleport Other           Tloc           0%         N/A       75%         3


Dungeon Overview and Level Annotations

Branches:
Dungeon (3/15)

Altars:
Zin

Shops:
D:2 [   D:3 (


Innate Abilities, Weirdness & Mutations

You are a tree.
Your roots penetrate the ground, keeping you stationary.
You cannot be teleported.
You are immune to unholy pain and torment.
Your maximum health is greatly increased.
Your equipment is partially melded.
((You have extremely sharp teeth.))
Your natural rate of healing is unusually fast.
When hurt, damage is shared between your health and your magic reserves.
((Your bite disrupts and absorbs the magic of your enemies.))
Potions cannot restore your health.


Message History

The goblin shouts!
There is a stone staircase leading up here.
A goblin is nearby!
Unknown command.
A goblin is nearby!
A goblin is nearby!
You hit the goblin.
You kill the goblin!
You see here a +0 club.
Found a spear.
Key pressed, stopping explore.
No target in view!
No target in view!
No target in view!
You now have 94 gold pieces (gained 5).
Found Kafoegos's Weapon Shoppe.
A centaur comes into view.
The centaur shouts!
The centaur wields a +0 orcbow.
The centaur shoots an arrow.
The arrow closely misses you.
The centaur shoots an arrow.
The arrow closely misses you.
The centaur shoots an arrow.
The arrow hits you!!
Ouch! That really hurt!
* * * LOW HITPOINT WARNING * * *
There is an entrance to Kafoegos's Weapon Shoppe here.
A centaur is nearby!
You are too injured to fight recklessly!
A centaur is nearby!
You are too injured to fight recklessly!
Unknown command.
Your transformation has ended.
You turn into a tree.
Your +0 animal skin melds into your body.
Your roots penetrate the ground.
The centaur shoots an arrow.
The arrow hits you but does no damage.
It was a potion of might.
You feel very mighty all of a sudden.
The centaur shoots an arrow.
The arrow hits you but does no damage.
The centaur shoots an arrow.
The arrow hits you!
You die...

.#######....######
#. #.#..######## #
#.#..........
#.#.#########
#.#.# # #.#.#
#.#######.#.#
###.........#.#
#c..$..♣......#
....########### #


You could see a centaur.

Vanquished Creatures
  3 adders (D:2)
  A dart slug (D:2)
  3 ball pythons (D:2)
  An endoplasm (D:1)
  3 giant cockroaches
  4 goblins
  4 hobgoblins
  A quokka (D:2)
  A frilled lizard (D:1)
  2 kobolds (D:2)
  3 rats
26 creatures vanquished.

Notes
Turn   | Place    | Note
-------+----------+-------------------------------------------
     0 | D:1      | dialectric the Vine Stalker Shapeshifter began the quest
                  | for the Orb.
     0 | D:1      | Reached XP level 1. HP: 9/9 MP: 2/2
   272 | D:1      | Reached XP level 2. HP: 14/14 MP: 3/3
   483 | D:2      | Found a glowing silver altar of Zin.
   781 | D:2      | Reached XP level 3. HP: 17/17 MP: 4/4
   820 | D:2      | Reached skill level 4 in Shapeshifting
  1048 | D:2      | Found Paomaj's Armour Boutique.
  1371 | D:3      | Found Kafoegos's Weapon Shoppe.
  1377 | D:3      | Noticed a centaur
  1380 | D:3      | Shot with an arrow by a centaur

Illustrated notes

Levels and vault maps discovered:
D:1:      moated_graveyard_arrival, layout_rooms, chequers_serial_rivers_marsh,
          nicolae_titane
D:2:      layout_loops_corners, basic_altar, serial_shops, nicolae_shop_trees
D:3:      layout_loops_ring, serial_shops, nicolae_shop_dealshenge, shop, shop,
          shop, nicolae_shop_peninsula

Skill      XL: |  1  2  3 |
---------------+----------+-----
Shapeshifting  | 4 |  4.4
Fighting       | |  0.8
Dodging        | |  1.6
Stealth        | |  0.1
Unarmed Combat | |  3.0

Action                     || total
---------------------------++-------
  Melee: Unarmed           ||    64
         Bite              ||    15
         Punch             ||     2
    Use: Potion            ||     2
   Stab: Distracted        ||     1
         Sleeping          ||     1
 Armour: Animal skin       ||    34
         Skin              ||     3
  Dodge: Dodged            ||    27

Table legend: (Time is in decaauts)
 A = Elapsed time spent in this place.
 B = Non-inter-level travel time spent in this place.
 C = Inter-level travel time spent in this place.
 D = Time resting spent in this place.
 E = Time spent auto-exploring this place.
 F = Levels seen in this place.
 G = Mean time per level.
                   A        B        C        D        E       F      G
               +--------+--------+--------+--------+--------+-----+--------+
         Total |   1379 |   1311 |     68 |      0 |   1101 |   3 |  459.7 |
       Dungeon |   1379 |   1311 |     68 |      0 |   1101 |   3 |  459.7 |
               +--------+--------+--------+--------+--------+-----+--------+

Top non-repeatable levels by time:
     D:2: 879 daAuts
     D:1: 461 daAuts
     D:3: 38 daAuts
